 Dungeon Crawl Stone Soup version 0.30-a0-354-g6b83867211 (webtiles) character file.

Game seed: 8001632293647180796

132 mopl the Insei (level 5, 0/38 HPs)
             Began as a Djinni Transmuter on Nov 7, 2022.
             Slain by a gnoll
             ... wielding a +0 spear
              (5 damage)
             ... on level 2 of the Dungeon.
             The game lasted 00:02:43 (1515 turns).

mopl the Insei (Djinni Transmuter)                  Turns: 1515, Time: 00:02:44

Health: 0/38       AC:  2    Str: 11    XL:     5   Next: 38%
Gold:   87         EV: 13    Int: 15    God:
                   SH:  0    Dex: 13

rFire   + + .      SeeInvis .      - Unarmed
rCold   x . .      Faith    .    (no shield)
rNeg    . . .      Spirit   .    a - +0 robe
rPois   ∞          Reflect  .    (helmet currently unavailable)
rElec   .          Harm     .    (no cloak)
rCorr   .          Rampage  .    (no gloves)
Will    .....                    (boots unavailable)
Stlth   +.........               (no amulet)
HPRegen 0.26/turn                (no ring)
MPRegen 0.00/turn                (no ring)

@: appendages, flying
A: horns 2, flying, sickness immunity, fire resistance 2, cold vulnerability 1,
float, innate caster, HP casting, extra vitality 1
a: End Transformation


You were on level 2 of the Dungeon.
You had temporarily grown beastly horns.
You visited 1 branch of the dungeon, and saw 2 of its levels.

You collected 87 gold pieces.

Inventory:

Armour
 a - a +0 robe (worn)
Scrolls
 c - a scroll of silence {unknown}
 g - a scroll of identify {unknown}
Potions
 b - a potion of lignification {!q}
 d - 2 potions of curing {unknown}
 e - a potion of mutation {unknown}
 f - a potion of heal wounds
 h - 2 potions of magic {unknown}
 i - a potion of cancellation {unknown}


   Skills:
 + Level 2.2 Fighting
 + Level 3.1 Dodging
 * Level 4.2 Unarmed Combat
 + Level 2.2 Spellcasting


You couldn't memorise any spells.
You knew the following spells:

 Your Spells              Type           Power      Damage    Failure   Level
a - Beastly Appendage     Tmut           16%        N/A       9%          1
b - Wereblood             Tmut           8%         N/A       13%         2
c - Spider Form           Tmut/Pois      8%         N/A       26%         3
d - Ice Form              Ice/Tmut       8%         N/A       65%         4
e - Summon Small Mammal   Summ           32%        N/A       9%          1
f - Call Imp              Summ           8%         N/A       13%         2
Your spell library was empty.

Dungeon Overview and Level Annotations

Branches:
Dungeon (2/15)

Altars:


Innate Abilities, Weirdness & Mutations

You have temporarily grown beastly horns.
You are flying.
You are immune to sickness and miasma.
You are immune to poison.
Your flesh is very heat resistant. (rF++)
You are vulnerable to cold. (rC-)
You float through the air rather than walking.
You learn spells naturally, not from books.
Your magical power is your life essence.
You have superior vitality. (+4 MHP)


Message History

The hobgoblin hits you.
You hit the hobgoblin.
You kill the hobgoblin!
An endoplasm comes into view.
An endoplasm is nearby!
You grow a pair of large bovine horns.
The endoplasm quivers.
Your transformation is almost over.
The endoplasm barely misses you.
You hit the endoplasm.
The endoplasm is heavily wounded.
The endoplasm freezes you.
You are frozen!
You feel a terrible chill!
You are too injured to fight recklessly!
You are too injured to fight recklessly!
You are too injured to fight recklessly!
You hit the endoplasm.
You kill the endoplasm!
Your horns disappear.
A gnoll comes into view. It is wielding a +0 spear.
You grow a pair of large bovine horns.
The gnoll shouts!
The gnoll closely misses you. The gnoll completely misses you.
You hit the gnoll.
The gnoll is lightly wounded.
You hit the gnoll.
The gnoll is moderately wounded.
The gnoll hits you with a +0 spear!
You are too injured to fight recklessly!
You are too injured to fight recklessly!
You are too injured to fight recklessly!
You barely miss the gnoll. Your headbutt misses the gnoll.
The gnoll is moderately wounded.
The gnoll hits you with a +0 spear!
* * * LOW HITPOINT WARNING * * *
You hit the gnoll.
The gnoll is heavily wounded.
The gnoll hits you with a +0 spear.
You die...

#.########.#
#......ww).#
#.########.#
#.##.......#
#####.##.####..w
#...#..#.# ..#..
#...##.#.. #.###.#.#
#...##.#..###g#....#
#...##.#...#@..#...
#...##.#.#..#.## ..#
#####...##.#...###.#...
....)......##...#....#
#####...#######...####.
.......................
#######.###############
### #.######### #.#
#.#.......#


You could see a gnoll.

Vanquished Creatures
  3 gnolls
  2 adders (D:2)
  3 worms (D:2)
  2 dart slugs (D:1)
  3 bats
  4 endoplasms
  2 giant cockroaches (D:1)
  9 goblins
  9 hobgoblins
  6 jackals
  9 kobolds
  A quokka (D:1)
  8 ball pythons
  3 frilled lizards (D:1)
  3 rats (D:1)
67 creatures vanquished.

Notes
Turn   | Place    | Note
-------+----------+-------------------------------------------
     0 | D:1      | mopl the Djinni Transmuter began the quest for the Orb.
     0 | D:1      | mopl set off with the following spells memorised: Beastly
                  | Appendage, Wereblood, Spider Form, Ice Form.
     0 | D:1      | Reached XP level 1. HP: 17/17 MP: 0/0
    35 | D:1      | Reached XP level 2. HP: 7/22 MP: 0/0
   210 | D:1      | Reached XP level 3. HP: 9/27 MP: 0/0
   210 | D:1      | Learned a level 1 spell: Summon Small Mammal
   602 | D:1      | Reached skill level 2 in Spellcasting
   602 | D:1      | Reached XP level 4. HP: 20/33 MP: 0/0
   890 | D:2      | Reached skill level 2 in Fighting
  1023 | D:2      | Reached skill level 3 in Dodging
  1023 | D:2      | Reached skill level 4 in Unarmed Combat
  1026 | D:2      | Reached XP level 5. HP: 27/38 MP: 0/0
  1026 | D:2      | Learned a level 2 spell: Call Imp
  1515 | D:2      | Slain by a gnoll

Illustrated notes

Levels and vault maps discovered:
D:1:      elethiomel_arrival_quiet, layout_rooms, feat_on_display
D:2:      layout_basic, grunt_ministairs_15, chequers_serial_rivers_micro_b,
          minmay_pentomino_x4

Skill      XL: |  1  2  3  4 |
---------------+-------------+-----
Spellcasting   | 2 |  2.2
Fighting       | 2 |  2.2
Dodging        | 3 |  3.1
Unarmed Combat | 4 |  4.2

Action                   |  1- 3 |  4- 6 || total
-------------------------+-------+-------++-------
Melee: Unarmed           |    90 |   117 ||   207
       Headbutt          |    12 |    11 ||    23
       Punch             |     2 |     4 ||     6
 Cast: Beastly Appendage |    12 |    15 ||    27
       Spider Form       |       |     1 ||     1
 Stab: Distracted        |       |     1 ||     1
Armor: Robe              |    11 |    15 ||    26
Dodge: Dodged            |    59 |    83 ||   142

Table legend: (Time is in decaauts)
 A = Elapsed time spent in this place.
 B = Non-inter-level travel time spent in this place.
 C = Inter-level travel time spent in this place.
 D = Time resting spent in this place.
 E = Time spent auto-exploring this place.
 F = Levels seen in this place.
 G = Mean time per level.
                   A        B        C        D        E       F      G
               +--------+--------+--------+--------+--------+-----+--------+
         Total |   1502 |   1487 |     15 |    200 |    806 |   2 |  751.0 |
       Dungeon |   1502 |   1487 |     15 |    200 |    806 |   2 |  751.0 |
               +--------+--------+--------+--------+--------+-----+--------+

Top non-repeatable levels by time:
     D:2: 765 daAuts
     D:1: 737 daAuts
